 Dungeon Crawl Stone Soup version 0.18.1-6-gd335043 (webtiles) character file.

2051323 mopl the Anointer (level 26, 149/149 HPs)
             Began as a Spriggan Fire Elementalist on May 19, 2016.
             Was an Initiate of Gozag.
             Escaped with the Orb
             ... and 4 runes on May 20, 2016!
             The game lasted 05:06:05 (86269 turns).

mopl the Anointer (Spriggan Fire Elementalist)     Turns: 86269, Time: 05:06:06

Health: 149/149    AC: 20    Str:  9    XL:     26   Next: 76%
Magic:  12/12      EV: 42    Int: 19    God:    Gozag
Gold:   1660       SH:  8    Dex: 25    Spells: 10 memorised, 11 levels left

rFire  + + +     SeeInvis +     b - +8 rapier of Xicankum {antimagic, rN+}
rCold  + . .     Gourm    .     n - +6 mottled dragon armour
rNeg   + + .     Faith    .     d - -1 buckler "Unop" {+Inv rF+ MR+} (curse)
rPois  +         Spirit   .     U - +2 hat
rElec  +         Dismiss  .     L - +2 cloak {MR+}
rCorr  .         Reflect  .     (gloves unavailable)
SustAt .         Harm     .     (boots unavailable)
MR     +++++                    E - amulet of the Air {Inacc +Fly rElec EV+5 RMsl}
Stlth  +++++.....               f - ring "Aqu Musu" {rPois rF+ rC+ Dex+2, =R}
                                w - ring of Shadows {Umbra +Inv rN+ SInv}

@: flying, very slightly contaminated, wreathed by umbra, repel missiles, very
quick, almost entirely resistant to hostile enchantments, quite stealthy
A: unfitting armour, horns 1, see invisible, fire resistance 1, herbivore 3,
speed 3, slow metabolism 2, strong 1
a: Potion Petition, Call Merchant, Bribe Branch, Renounce Religion, Evoke
Invisibility
0: Orb of Zot
}: 4/15 runes: decaying, slimy, silver, gossamer


You escaped.
You worshipped Gozag.
Gozag was noncommittal.
You were not hungry.

You visited 10 branches of the dungeon, and saw 57 of its levels.
You also visited: Labyrinth, Trove and Ice Cave.

You collected 30217 gold pieces.
You spent 14403 gold pieces at shops.
You paid 14154 gold pieces to Gozag.

Inventory:

Hand Weapons
 a - a +9 rapier of electrocution
 b - the +8 rapier of Xicankum (weapon) {antimagic, rN+}
   (You took it off a deep elf high priest on level 3 of the Elven Halls)

   It disrupts the flow of magical energy around spellcasters and certain
   magical creatures (including the wielder).
   It protects you from negative energy.
 X - a +8 quick blade of protection
Missiles
 M - 41 tomahawks (quivered)
Armour
 d - the cursed -1 buckler "Unop" (worn) {+Inv rF+ MR+}
   (You bought it in a shop on level 11 of the Dungeon)

   It protects you from fire.
   It affects your resistance to hostile enchantments.
   It lets you turn invisible.
   It has a curse placed upon it.
 n - a +6 mottled dragon armour (worn)
 H - the +8 ice dragon armour "Foaqe" {rElec rF- rC++ MR++ rCorr Int-4, unknown}
   (You bought it in a shop on level 5 of the Depths)

   It affects your intelligence (-4).
   It makes you vulnerable to fire.
   It greatly protects you from cold.
   It insulates you from electricity.
   It affects your resistance to hostile enchantments.
   It protects you from acid and corrosion.
 L - a +2 cloak of magic resistance (worn)
 U - a +2 hat (worn)
 W - the cursed +0 robe of a volcano {MR++ Regen+ Dex-2 SInv}
   (You found it on level 5 of the Realm of Zot)

   It affects your dexterity (-2).
   It affects your resistance to hostile enchantments.
   It lets you see invisible.
   It increases your rate of regeneration.
   It has a curse placed upon it.
Jewellery
 f - the ring "Aqu Musu" (right hand) {rPois rF+ rC+ Dex+2, =R}
   (You took it off a deep elf high priest on level 3 of the Elven Halls)

   [ring of protection from cold]

   It affects your dexterity (+2).
   It protects you from fire.
   It protects you from cold.
   It protects you from poison.
 w - the ring of Shadows (left hand) {Umbra +Inv rN+ SInv}
   (You found it on level 6 of the Pits of Slime)

   [ring of positive energy]

   It protects you from negative energy.
   It lets you see invisible.
   It lets you turn invisible.
 B - an uncursed ring of resist corrosion
 E - the amulet of the Air (around neck) {Inacc +Fly rElec EV+5 RMsl}
   (You bought it in a shop on level 5 of the Depths)

   [amulet of inaccuracy]

   It reduces the accuracy of all your attacks.
   It affects your evasion (+5).
   It insulates you from electricity.
   It lets you fly.
   It protects you from missiles.
Wands
 h - a wand of iceblast (9/15)
 i - a wand of iceblast (6/15)
 o - a wand of digging (10/24)
 r - a wand of iceblast (9/15)
 G - a wand of teleportation (7/9)
 O - a wand of disintegration (8/24)
 Z - a wand of heal wounds (7/9)
Scrolls
 g - 3 scrolls of vulnerability
 j - 22 scrolls of teleportation
 k - 6 scrolls of summoning
 m - 8 scrolls of magic mapping
 q - 2 scrolls of holy word
 s - 9 scrolls of recharging
 t - 7 scrolls of blinking
 v - 9 scrolls of fear
 z - 3 scrolls of silence {!r}
 A - 26 scrolls of remove curse
 D - 7 scrolls of fog
Potions
 l - 11 potions of flight
 p - 36 potions of curing
 u - 6 potions of heal wounds
 C - 7 potions of ambrosia
 F - 8 potions of agility
 K - 7 potions of might
 P - 3 potions of cancellation
 S - 10 potions of cure mutation {!q}
 V - 5 potions of resistance
 Y - 6 potions of haste
Miscellaneous
 e - an ornate deck of wonders {Dowsing}
 x - a box of beasts
 y - a legendary deck of summoning {Foxfire}
 I - 2 phantom mirrors
 J - a fan of gales (inert)
 N - a lamp of fire
 Q - a sack of spiders
 R - a stone of tremors
Comestibles
 c - 8 bread rations
 T - 11 royal jellies


   Skills:
 + Level 18.9 Fighting
 - Level 14.0 Short Blades
 - Level 20.0 Throwing
 + Level 11.6 Armour
 - Level 20.0 Dodging
 - Level 20.0 Stealth
 - Level 7.2 Shields
 - Level 5.0 Spellcasting
 - Level 0.6 Conjurations
 + Level 9.4 Hexes
 - Level 20.1 Charms
 - Level 5.0 Necromancy
 - Level 5.0 Translocations
 + Level 11.5 Transmutations
 - Level 2.4 Fire Magic
 - Level 5.0 Air Magic
 + Level 10.2 Earth Magic
 + Level 16.7 Evocations


You had 11 spell levels left.
You knew the following spells:

 Your Spells              Type           Power        Failure   Level  Hunger
a - Apportation           Tloc           ###.......   2%          1    None
c - Flame Tongue          Conj/Fire      ##...        12%         1    None
d - Tukima's Dance        Hex            #####...     1%          3    ##.....
e - Blink                 Tloc           N/A          4%          2    #......
i - Repel Missiles        Chrm/Air       ######       1%          2    #......
k - Lee's Rapid Deconstr  Erth           #####.....   10%         5    ######.
n - Swiftness             Chrm/Air       ######..     1%          2    #......
p - Passwall              Trmt/Erth      #####.....   1%          2    #......
r - Regeneration          Chrm/Necr      ######....   1%          3    ##.....
w - Spectral Weapon       Hex/Chrm       ######..     1%          3    ##.....


Dungeon Overview and Level Annotations

Branches:
Dungeon (15/15)            Temple (0/1) D:5            Lair (8/8) D:11
  Swamp (4/4) Lair:4       Spider (4/4) Lair:3        Slime (6/6) Lair:8
    Orc (2/2) D:9             Elf (3/3) Orc:2        Vaults (5/5) D:14
  Crypt (0/3) Vaults:2     Depths (5/5) D:15            Zot (5/5) Depths:5

Altars:
Ashenzari
Dithmenos
Elyvilon
Fedhas
Gozag
Kikubaaqudgha
Makhleb
Nemelex Xobeh
Okawaru
Pakellas
Ru
Sif Muna
Trog
Vehumet
Yredelemnul
Zin
Beogh
Jiyva

Shops:
D:3 *   D:4 ?:*}   D:11 *[([[([[*   D:12 *   Orc:2 *=}!   Elf:1 :   Vaults:2 ?
Vaults:4 *   Vaults:5 !?   Depths:1 *   Depths:3 [   Depths:5 =[*

Portals:
Hell: Depths:1 Depths:2 Depths:3 Depths:4 Depths:5
Abyss: Depths:1 Depths:4
Pandemonium: Depths:3
Ziggurat: Depths:1


Innate Abilities, Weirdness & Mutations

You are tiny and cannot use many weapons and most armour.
You have supernaturally acute eyesight.
You are a herbivore.
You cover ground extremely quickly.
You need consume almost no food.
You have a pair of small horns on your head.
Your flesh is heat resistant.
Your muscles are strong. (Str +2)


Message History

(N) Spider Nest (M) Slime Pits (O) Orcish Mines (E) Elven Halls (V) Vaults (C) Crypt (U) Depths (H) Hell (Z) Zot
Where to? (Enter - D:1, ? - help)
There is a stone staircase leading up here.
You climb upwards.
There is a stone staircase leading down here.
There is a stone staircase leading up here.
You climb upwards.
There is a stone staircase leading down here.
There is a stone staircase leading up here.
You climb upwards.
There is a stone staircase leading down here.
An Ice Fiend comes into view.
Drink which item? (? for menu, Esc to quit)
You feel very buoyant.
You fly up into the air.
There is an open door here.
There is a staircase leading out of the dungeon here.
You have escaped!

#......#>#...#≈.≈#≈§§#.....#....
##......#.#...#≈.≈#§≈.#####.##...
#.........#...#≈.≈#§§§# #.##...
#.#########...#...#...# #.##...
#.# #...........# ###.####. #.#
#...........# #.......1 ..#
#...........# #........ #######
#...........# #........ ......#
#.....@.....# #........ #####.#
#...........# #........
#.###################........
#..........)....).†.'........
#####################........
##################...#####....
#................#............
#.....##...).....#............
#.....##.........#............


There were no monsters in sight!

Vanquished Creatures
  the Royal Jelly (Slime:6)
  Mennas (Vaults:4)
  2 ancient liches
  Sojobo (Vaults:2)
  Saint Roka (Depths:4)
  Margery (Vaults:2)
  Frederick (Vaults:4)
  Norris (Vaults:1)
  A curse toe (Zot:3)
  4 golden dragons
  Jory (Vaults:2)
  A caustic shrike (Depths:3)
  Xtahua (Vaults:4)
  Nikola (Depths:3)
  2 bone dragons
  An iron giant (Depths:3)
  5 liches
  14 tentacled monstrosities
  Jorgrun (Depths:4)
  Rupert (Orc:2)
  7 Orb Guardians (Zot:5)
  3 deep elf blademasters
  14 acid blobs
  2 deep elf master archers (Elf:3)
  4 titans
  A quicksilver dragon (Depths:4)
  8 sphinxes
  4 shadow dragons
  Kirke (Lair:8)
  8 storm dragons
  10 azure jellies
  8 tengu reavers
  6 draconian monks
  A shadow dragon (shapeshifter) (Vaults:5)
  Donald (Vaults:2)
  4 draconian scorchers
  7 deep elf sorcerers
  9 fire giants
  12 vault wardens
  Maud (Lair:5)
  7 ghost moths
  An iron dragon (Vaults:5)
  5 draconian knights (Zot:1)
  7 emperor scorpions
  15 frost giants
  5 draconian shifters
  3 draconian zealots
  2 ghouls
  A reaper (Depths:3)
  4 draconian annihilators
  35 very ugly things
  19 ironheart preservers
  3 deep elf elementalists (Elf:3)
  19 stone giants
  2 war gargoyles
  5 spriggan defenders
  6 draconian callers
  8 deep elf demonologists
  11 black draconians
  A vampire knight (Vaults:2)
  8 green draconians
  2 salamander stormcallers (Vaults:2)
  15 deep elf annihilators
  12 yellow draconians
  A dire elephant (Depths:2)
  5 red draconians
  3 white draconians
  6 spark wasps
  4 mottled draconians
  5 purple draconians
  4 crystal guardians (Depths:3)
  A minotaur (Lab)
  5 death oozes (Slime:6)
  34 vault guards
  8 deep elf death magi
  Snorg (Lair:5)
  8 ettins
  A merfolk impaler (Depths:1)
  8 deep elf high priests
  11 yaktaur captains
  8 entropy weavers
  11 fire dragons
  2 jiangshi (Depths:1)
  The ghost of no0bjke the Fighter, a journeyman MiFi of Okawaru (Lair:1)
  7 great orbs of eyes
  An anaconda (Depths:2)
  7 spriggan air magi
  20 hydras
  2 rakshasas
  13 ice dragons
  Erolcha (D:13)
  A catoblepas (Depths:2)
  5 death knights
  Erica (D:9)
  A catoblepas (shapeshifter) (Vaults:5)
  An anaconda (shapeshifter) (Vaults:4)
  3 alligators
  8 death yaks
  12 centaur warriors
  A vampire mage (Depths:1)
  11 ogre magi
  3 tengu warriors
  10 deep troll earth magi
  8 deep troll shamans
  An alligator (shapeshifter) (Depths:3)
  3 spriggan berserkers (Depths:3)
  Urug (Orc:1)
  A fire crab (Swamp:4)
  A sun demon (Depths:3)
  3 hell knights
  34 deep elf knights
  A shadow wraith (Vaults:4)
  A salamander mystic (Vaults:2)
  3 unseen horrors
  6 skeletal warriors
  A flayed ghost (Depths:3)
  35 deep trolls
  A fire crab (shapeshifter) (Depths:5)
  4 spriggan druids
  4 iron trolls
  An unseen horror (shapeshifter) (Depths:3)
  10 swamp dragons
  3 wizards
  A swamp dragon (shapeshifter) (Depths:3)
  5 necromancers
  A hill giant (shapeshifter) (Vaults:5)
  3 giant orange brains
  11 deep elf archers
  5 lindwurms
  A harpy (shapeshifter) (Depths:4)
  6 phantasmal warriors
  2 lindwurms (shapeshifter) (Depths:3)
  19 orc knights
  6 hill giants
  19 ironbrand convokers
  2 orange crystal statues (Depths:3)
  5 orc sorcerers
  A naga ritualist (Depths:1)
  6 cyclopes
  12 oklob plants
  89 deep elf magi
  10 hornets
  70 ugly things
  7 salamanders (Vaults:2)
  3 griffons
  2 salamanders (shapeshifter)
  2 shining eyes
  21 orb spiders
  A cyclops (shapeshifter) (Depths:3)
  An orb spider (shapeshifter) (Elf:3)
  2 hornets (shapeshifter) (Depths:3)
  31 wolf spiders
  8 moths of wrath
  3 manticores
  An octopode (shapeshifter) (Vaults:4)
  2 black mambas (shapeshifter) (Depths:3)
  6 black mambas
  14 vault sentinels
  11 elephants (Lair:8)
  2 guardian serpents (shapeshifter)
  2 eyes of devastation
  4 torpor snails
  A molten gargoyle (Swamp:4)
  2 gargoyles
  An efreet (D:15)
  26 spiny frogs
  12 demonic crawlers
  2 komodo dragons (shapeshifter)
  A rime drake (shapeshifter) (Vaults:4)
  2 tengu conjurers (Depths:2)
  13 komodo dragons
  42 yaktaurs
  3 rime drakes
  A hellwing (Depths:3)
  A red devil (Depths:3)
  12 freezing wraiths
  A yaktaur skeleton (Vaults:1)
  5 giant leeches
  A queen bee (Lair:2)
  A wind drake (shapeshifter) (Vaults:3)
  A polar bear (Lair:2)
  A troll (shapeshifter) (Depths:2)
  A two-headed ogre (shapeshifter) (Depths:3)
  35 jumping spiders
  21 two-headed ogres
  6 trolls
  73 slime creatures
  5 boulder beetles
  4 bog bodies
  33 blink frogs
  A giant leech (shapeshifter) (Depths:3)
  Sigmund (D:5)
  14 air elementals
  20 tarantellas
  9 spriggans
  109 redbacks
  A spriggan (shapeshifter) (Depths:3)
  3 shadows
  43 yaks
  A tarantella (shapeshifter) (Depths:4)
  A redback (shapeshifter) (Depths:3)
  A wyvern (D:14)
  2 wraiths
  A hog (shapeshifter) (Depths:3)
  A human (shapeshifter) (Vaults:2)
  6 water elementals
  A hog (Lair:8)
  Grum (D:8)
  A golden eye (shapeshifter) (Depths:1)
  2 neqoxecs
  A hippogriff (shapeshifter) (Depths:4)
  3 hungry ghosts
  4 basilisks
  3 steam dragons (Swamp:4)
  14 hippogriffs
  24 vampire mosquitoes
  A redback simulacrum (Vaults:1)
  A naga (Depths:1)
  14 insubstantial wisps
  6 wargs
  A warg (shapeshifter) (Vaults:2)
  2 mottled dragons
  A swamp worm (shapeshifter) (Vaults:2)
  13 swamp worms
  16 water moccasins
  A water moccasin (shapeshifter) (Depths:3)
  13 porcupines
  A soldier ant (D:15)
  A giant eyeball (Slime:4)
  39 orc warriors
  10 swamp drakes
  21 ice beasts
  A swamp drake (shapeshifter) (Depths:3)
  3 black bears
  3 necrophages
  2 eyes of draining
  10 wasps
  48 ogres
  5 sky beasts
  3 boggarts (Depths:2)
  A human zombie (Vaults:1)
  8 centaurs
  14 wolves
  17 crocodiles
  An orc skeleton (Vaults:1)
  A giant frog (shapeshifter) (Depths:4)
  35 giant frogs
  A wyvern zombie (D:8)
  A big kobold (D:11)
  Blork the orc (D:6)
  3 earth elementals
  A deep troll simulacrum (Vaults:3)
  A scorpion (shapeshifter) (Depths:4)
  3 scorpions
  25 killer bees
  10 wights
  6 howler monkeys
  8 electric eels
  12 crimson imps
  A quasit (D:7)
  A centaur zombie (D:5)
  8 hounds
  28 orc wizards
  15 orc priests
  A centaur skeleton (D:8)
  25 jellies
  Jessica (D:3)
  Natasha (thrice) (D:3)
  3 giant frog skeletons
  9 iguanas
  14 worker ants
  A killer bee zombie (D:6)
  A sheep (shapeshifter) (Depths:4)
  13 sheep
  2 hound zombies
  A hound skeleton (D:7)
  4 gnolls (D:5)
  45 river rats
  15 adders
  4 shadow imps
  2 oozes
  An adder zombie (D:8)
  2 worms
  A dart slug (D:1)
  10 giant geckos
  114 orcs
  2 bats
  4 giant cockroaches
  3 goblins
  5 hobgoblins
  10 jackals
  4 quokkas
  A ball python (D:5)
  4 giant newts
  12 kobolds
  A quokka skeleton (D:9)
  9 rats
  A bush (Zot:3)
  A butterfly (Lair:2)
  A fungus (Lair:6)
  2 plants
2428 creatures vanquished.

Vanquished Creatures (collateral kills)
  Mara (Vaults:4)
  A quicksilver dragon (Vaults:5)
  A thorn hunter (Swamp:1)
  A shadow dragon (Vaults:5)
  A vault warden (Vaults:5)
  A vampire knight (Vaults:2)
  A deep elf annihilator (Vaults:5)
  A yaktaur captain (Vaults:5)
  A dancing weapon (Elf:2)
  An orc knight (D:15)
  A phantasmal warrior (Vaults:5)
  A wolf spider (Vaults:2)
  2 deep elf magi (Vaults:5)
  A vault sentinel (Vaults:2)
  A yaktaur (Vaults:5)
  An insubstantial wisp (Swamp:1)
  A wight (D:12)
18 creatures vanquished.

Vanquished Creatures (others)
  A deep elf elementalist (Elf:3)
  A vampire knight (Depths:4)
  A black draconian (Zot:1)
  An alligator (Swamp:4)
  A deep troll earth mage (Depths:1)
  2 lindwurms (Swamp:4)
  A necromancer (Vaults:2)
  2 deep elf magi (Elf:3)
  2 ugly things
  A moth of wrath (Zot:5)
  A spiny frog (Lair:8)
  A two-headed ogre (Depths:3)
  A redback (shapeshifter) (Depths:4)
  A redback (Vaults:1)
  3 humans (Lair:8)
  38 dancing weapons
  A steam dragon (Swamp:4)
  A warg (Vaults:3)
  A water moccasin (Lair:8)
  2 swamp drakes (Swamp:4)
  An ogre (Depths:3)
  A boggart (Depths:2)
  An orc (D:13)
  22 fungi
  42 plants
  59 spectral weapons
189 creatures vanquished.

Grand Total: 2635 creatures vanquished

Notes
Turn   | Place    | Note
--------------------------------------------------------------
     0 | D:1      | mopl the Spriggan Fire Elementalist began the quest for the Orb.
     0 | D:1      | Reached XP level 1. HP: 9/9 MP: 5/5
   245 | D:1      | Reached skill level 4 in Stealth
   368 | D:1      | Reached XP level 2. HP: 13/13 MP: 3/6
   718 | D:1      | Reached skill level 5 in Stealth
  1010 | D:2      | Found an ancient bone altar of Kikubaaqudgha.
  1013 | D:2      | Found a blossoming altar of Fedhas.
  1241 | D:2      | Reached XP level 3. HP: 16/16 MP: 5/8
  1461 | D:2      | Found a faded altar to an unknown god.
  1624 | D:2      | Reached skill level 1 in Short Blades
  1624 | D:2      | Reached skill level 6 in Stealth
  1839 | D:2      | Found a bloodstained altar of Trog.
  1992 | D:3      | Noticed Jessica
  2021 | D:3      | Killed Jessica
  2021 | D:3      | Reached XP level 4. HP: 4/21 MP: 9/9
  2449 | D:4      | Found Odiapt's Magic Scroll Emporium.
  2458 | D:4      | Bought a scroll of noise for 10 gold pieces
  2458 | D:4      | Bought a scroll of blinking for 75 gold pieces
  2567 | D:4      | Found Omnaevuc's Assorted Antiques.
  2726 | D:4      | Found Amin's Book Boutique.
  2735 | D:4      | Reached skill level 7 in Stealth
  2766 | D:4      | Noticed a sky beast
  2800 | D:4      | Killed a sky beast
  2800 | D:4      | Reached skill level 2 in Short Blades
  2800 | D:4      | Reached skill level 8 in Stealth
  2800 | D:4      | Reached XP level 5. HP: 24/24 MP: 10/10
  2814 | D:4      | Found Vavvurch's Gadget Shoppe.
  3213 | D:3      | Found Gozag's Platinum Reserve.
  3225 | D:3      | Noticed Natasha
  3234 | D:3      | Found an opulent altar of Gozag.
  3245 | D:3      | Became a worshipper of Gozag Ym Sagoz the Greedy
  3369 | D:4      | Found a white marble altar of Elyvilon.
  3369 | D:4      | Found a shadowy altar of Dithmenos.
  3501 | D:4      | Bought a scroll of remove curse for 30 gold pieces
  3742 | D:5      | Entered Level 5 of the Dungeon
  3756 | D:5      | Reached skill level 9 in Stealth
  3756 | D:5      | Reached XP level 6. HP: 28/28 MP: 11/11
  3935 | D:5      | Found a staircase to the Ecumenical Temple.
  3947 | D:5      | Reached skill level 3 in Short Blades
  4283 | D:5      | Noticed Sigmund
  4296 | D:5      | Reached skill level 10 in Stealth
  4430 | D:5      | Reached XP level 7. HP: 32/32 MP: 12/12
  4468 | D:5      | Found a burning altar of Makhleb.
  4934 | D:5      | Reached skill level 1 in Fighting
  4934 | D:5      | Reached skill level 4 in Short Blades
  4972 | D:4      | Bought a scroll of teleportation for 30 gold pieces
  4972 | D:4      | Bought a scroll of immolation for 35 gold pieces
  4972 | D:4      | Bought a scroll of amnesia for 35 gold pieces
  4996 | D:4      | Bought a faintly glowing tin amulet for 135 gold pieces
  5037 | D:6      | Noticed a two-headed ogre
  5041 | D:6      | Killed a two-headed ogre
  5041 | D:6      | Reached skill level 4 in Dodging
  5041 | D:6      | Reached skill level 11 in Stealth
  5114 | D:6      | Noticed Blork the orc
  5118 | D:6      | Killed Blork the orc
  5378 | D:6      | Reached skill level 2 in Fighting
  5378 | D:6      | Reached XP level 8. HP: 39/39 MP: 11/13
  5557 | D:4      | Bought a glowing wooden ring for 135 gold pieces
  5605 | D:6      | Identified the amulet of Yredelemnul's Favour {*Corrode +Rage rF+++ MR- Int+10} (You bought it in a shop on level 4 of the Dungeon)
  5698 | D:6      | Reached skill level 5 in Dodging
  5832 | D:6      | Found a shattered altar of Ashenzari.
  5892 | D:6      | Reached skill level 5 in Short Blades
  5892 | D:6      | Reached skill level 12 in Stealth
  6539 | D:7      | Reached skill level 3 in Fighting
  6632 | D:7      | Reached skill level 6 in Dodging
  6864 | D:7      | Reached skill level 13 in Stealth
  7068 | D:7      | Reached XP level 9. HP: 44/44 MP: 14/14
  7488 | D:8      | Reached skill level 6 in Short Blades
  7488 | D:8      | Reached skill level 1 in Evocations
  7678 | D:8      | Noticed Grum
  8148 | D:8      | Reached skill level 7 in Dodging
  8401 | D:8      | Reached skill level 2 in Evocations
  8435 | D:8      | Killed Grum
  8448 | D:8      | Reached skill level 4 in Fighting
  8448 | D:8      | Reached skill level 14 in Stealth
  8707 | D:9      | Found a deep blue altar of Sif Muna.
  8735 | D:9      | Found an oddly glowing altar of Pakellas.
  8735 | D:9      | Noticed Erica
  8737 | D:9      | Killed Erica
  8737 | D:9      | Reached skill level 8 in Dodging
  8737 | D:9      | Reached skill level 3 in Evocations
  8807 | D:9      | Reached XP level 10. HP: 51/51 MP: 15/15
  8835 | D:9      | Found an iron altar of Okawaru.
  8857 | D:9      | Reached skill level 4 in Evocations
  9044 | D:9      | Noticed a centaur warrior
  9063 | D:9      | Killed a centaur warrior
  9063 | D:9      | Reached skill level 7 in Short Blades
  9063 | D:9      | Reached skill level 15 in Stealth
  9566 | D:9      | Found a staircase to the Orcish Mines.
  9579 | D:9      | Found a sacrificial altar of Ru.
  9579 | D:9      | Found a basalt altar of Yredelemnul.
  9579 | D:9      | Found a glowing silver altar of Zin.
  9685 | D:9      | Found a sparkling altar of Nemelex Xobeh.
 10010 | D:5      | Killed Sigmund
 10102 | D:3      | Killed Natasha
 10360 | D:3      | Noticed Natasha
 10374 | D:3      | Killed Natasha
 10394 | D:3      | Noticed Natasha
 10406 | D:3      | Killed Natasha
 10557 | D:8      | Reached skill level 9 in Dodging
 10802 | D:10     | Entered Level 10 of the Dungeon
 10802 | D:10     | Noticed a gargoyle
 10823 | D:10     | Reached skill level 5 in Evocations
 10825 | D:10     | Killed a gargoyle
 10835 | D:10     | Reached skill level 5 in Fighting
 11102 | D:10     | Reached skill level 16 in Stealth
 11407 | D:10     | Reached skill level 6 in Evocations
 11599 | D:4      | Bought a book of Party Tricks for 500 gold pieces
 11601 | D:4      | Learned a level 1 spell: Apportation
 11605 | D:4      | Learned a level 3 spell: Tukima's Dance
 11612 | D:4      | Learned a level 6 spell: Invisibility
 11631 | D:4      | Bought a scroll of acquirement for 520 gold pieces
 11806 | D:10     | Reached skill level 8 in Short Blades
 11810 | D:10     | Reached XP level 11. HP: 56/56 MP: 16/16
 11812 | D:10     | Reached skill level 3 in Spellcasting
 11813 | D:10     | Reached skill level 1 in Hexes
 11971 | D:10     | Reached skill level 2 in Hexes
 12392 | D:11     | Noticed a hill giant
 12396 | D:11     | Noticed a cyan ugly thing
 12399 | D:11     | Killed a hill giant
 12399 | D:11     | Reached skill level 10 in Dodging
 12404 | D:11     | Killed a cyan ugly thing
 12404 | D:11     | Reached skill level 3 in Hexes
 12532 | D:11     | Noticed a white ugly thing
 12581 | D:11     | Reached skill level 4 in Spellcasting
 12650 | D:11     | Reached skill level 7 in Evocations
 12707 | D:11     | Found a portal to a secret trove of treasure.
 12763 | D:11     | Killed a green ugly thing
 12787 | D:11     | Found a staircase to the Lair.
 12877 | D:11     | Reached skill level 4 in Hexes
 13240 | Lair:1   | Entered Level 1 of the Lair of Beasts
 13312 | Lair:1   | Noticed a four-headed hydra
 13323 | Lair:1   | Killed a four-headed hydra
 13323 | Lair:1   | Reached skill level 17 in Stealth
 13580 | Lair:1   | Noticed no0bjke's ghost (journeyman MiFi)
 13998 | Lair:2   | Reached skill level 5 in Spellcasting
 14007 | Lair:2   | Reached skill level 5 in Hexes
 14034 | Lair:2   | Reached skill level 6 in Fighting
 14435 | Lair:2   | Reached XP level 12. HP: 36/61 MP: 20/20
 14508 | Lair:2   | Noticed a four-headed hydra
 14533 | Lair:2   | Killed a four-headed hydra
 14533 | Lair:2   | Reached skill level 8 in Evocations
 14669 | Lair:2   | Reached skill level 11 in Dodging
 14935 | Lair:2   | Reached skill level 1 in Shields
 15194 | Lair:2   | Reached skill level 9 in Short Blades
 15499 | Lair:3   | Found a labyrinth entrance.
 15523 | Lair:3   | Learned a level 2 spell: Passwall
 15526 | Lab      | Entered a labyrinth
 15751 | Lab      | Found an exit through the horrors of the Abyss.
 15917 | Lab      | Noticed a minotaur
 15933 | Lab      | Killed a minotaur
 15942 | Lab      | Got a pitted gold dragon armour
 15964 | Lab      | Identified the cursed +0 gold dragon armour "Abutut" {rPois rF+ rC+ Int+4 Slay+3 SInv} (You found it in a labyrinth)
 15975 | Lab      | Got a shimmering helmet
 15996 | Lair:3   | Learned a level 2 spell: Blink
 15999 | Lair:3   | Learned a level 2 spell: Repel Missiles
 16134 | Lair:1   | Learned a level 2 spell: Swiftness
 16140 | Lair:1   | Learned a level 5 spell: Lee's Rapid Deconstruction
 16278 | Lair:3   | Found a hole to the Spider Nest.
 16298 | Lair:3   | Noticed an eight-headed hydra
 16306 | Lair:3   | Killed an eight-headed hydra
 16837 | Lair:4   | Reached skill level 2 in Shields
 16850 | Lair:4   | Reached skill level 18 in Stealth
 17444 | Lair:4   | Reached skill level 9 in Evocations
 17773 | Lair:4   | Reached skill level 3 in Shields
 18105 | Lair:4   | Found a staircase to the Swamp.
 18662 | Lair:4   | Reached skill level 7 in Fighting
 18701 | Lair:5   | Noticed a four-headed hydra
 18704 | Lair:5   | Killed a four-headed hydra
 18704 | Lair:5   | Reached XP level 13. HP: 67/67 MP: 21/21
 18721 | Lair:5   | Noticed Maud
 18728 | Lair:5   | Killed Maud
 18728 | Lair:5   | Reached skill level 12 in Dodging
 18871 | Lair:5   | Reached skill level 19 in Stealth
 18983 | Lair:5   | Noticed Snorg
 19030 | Lair:5   | Killed Snorg
 19030 | Lair:5   | Reached skill level 10 in Short Blades
 19249 | Lair:5   | Reached skill level 10 in Evocations
 20360 | Lair:6   | Reached skill level 4 in Shields
 20464 | Lair:6   | Found a sacrificial altar of Ru.
 22174 | Lair:7   | Reached skill level 20 in Stealth
 22596 | Lair:8   | Entered Level 8 of the Lair of Beasts
 22604 | Lair:8   | Reached skill level 13 in Dodging
 22616 | Lair:8   | Noticed Kirke
 22624 | Lair:8   | Killed Kirke
 22640 | Lair:8   | Got a scintillating lead ring
 22646 | Lair:8   | Lost strength.
 22646 | Lair:8   | Identified the ring of the Tempest {rElec rC+ rN+ Str-5 SInv} (You found it on level 8 of the Lair of Beasts)
 23126 | Lair:8   | Reached XP level 14. HP: 72/72 MP: 23/23
 23277 | Lair:7   | Reached skill level 8 in Fighting
 23555 | Lair:8   | Reached skill level 11 in Short Blades
 23555 | Lair:8   | Reached skill level 11 in Evocations
 24332 | Lair:8   | Reached skill level 5 in Shields
 24680 | Lair:8   | Reached skill level 14 in Dodging
 26058 | Lair:8   | Found a staircase to the Slime Pits.
 26667 | Lair:1   | Got an encrusted buckler
 26678 | Lair:1   | Identified the -2 buckler of Uhulibb {Int+4} (You acquired it on level 1 of the Lair of Beasts)
 26862 | D:12     | Found a frozen archway.
 26924 | IceCv    | Entered an ice cave
 26970 | IceCv    | Reached skill level 12 in Evocations
 27356 | IceCv    | Reached skill level 12 in Short Blades
 27374 | IceCv    | Got a flickering lead amulet
 27451 | IceCv    | Identified the amulet of the Gloaming {Gourm rC+ Str+2 Dex+3} (You found it in an ice cave)
 27885 | D:12     | Reached skill level 9 in Fighting
 28056 | D:12     | Found Paeddaca's General Store.
 28064 | D:12     | Bought a potion of curing for 42 gold pieces
 28064 | D:12     | Bought a potion of ambrosia for 112 gold pieces
 28064 | D:12     | Bought a scroll of random uselessness for 14 gold pieces
 28064 | D:12     | Bought 2 scrolls of identify for 56 gold pieces
 28064 | D:12     | Bought a scroll of blinking for 105 gold pieces
 28064 | D:12     | Bought a scroll of identify for 28 gold pieces
 28064 | D:12     | Bought a scroll of summoning for 133 gold pieces
 28684 | D:13     | Noticed Erolcha
 28699 | D:13     | Killed Erolcha
 28755 | D:13     | Reached XP level 15. HP: 79/79 MP: 25/25
 29196 | Lair:1   | Reached skill level 6 in Shields
 29423 | Orc:1    | Entered Level 1 of the Orcish Mines
 29459 | Orc:1    | Noticed Urug
 29467 | Orc:1    | Killed Urug
 29487 | Orc:2    | Entered Level 2 of the Orcish Mines
 29592 | Orc:2    | Found a roughly hewn altar of Beogh.
 29687 | Orc:2    | Found a staircase to the Elven Halls.
 30041 | Orc:2    | Reached skill level 15 in Dodging
 30436 | Orc:1    | Found a roughly hewn altar of Beogh.
 31326 | Orc:2    | Found Jikasaw's Assorted Antiques.
 31326 | Orc:2    | Found Oscheciu's Jewellery Shop.
 31327 | Orc:2    | Found Wodazuqu's Gadget Shop.
 31327 | Orc:2    | Found Woisch's Distillery.
 31333 | Orc:2    | Noticed Rupert
 31367 | Orc:2    | Killed Rupert
 31529 | Orc:2    | Bought a scroll of blinking for 195 gold pieces
 31529 | Orc:2    | Bought a scroll labeled JOOCING LUSO for 26 gold pieces
 31529 | Orc:2    | Bought a scroll of teleportation for 78 gold pieces
 31529 | Orc:2    | Bought a scroll labeled CESCHI ETTEIG for 26 gold pieces
 31529 | Orc:2    | Bought a scroll labeled EHOQIN DEPRA for 26 gold pieces
 31531 | Orc:2    | Bought a potion of might for 52 gold pieces
 31531 | Orc:2    | Bought a potion of might for 52 gold pieces
 31531 | Orc:2    | Bought a potion of agility for 52 gold pieces
 31531 | Orc:2    | Bought a potion of beneficial mutation for 455 gold pieces
 31531 | Orc:2    | Bought a potion of haste for 130 gold pieces
 31531 | Orc:2    | Bought 2 potions of haste for 260 gold pieces
 31531 | Orc:2    | Bought a potion of lignification for 39 gold pieces
 31531 | Orc:2    | Bought 3 potions of curing for 117 gold pieces
 31531 | Orc:2    | Bought 2 potions of curing for 78 gold pieces
 31533 | Orc:2    | Bought a potion of flight for 39 gold pieces
 31533 | Orc:2    | Bought 2 potions of flight for 78 gold pieces
 31533 | Orc:2    | Gained mutation: Your flesh is heat resistant. [potion of beneficial mutation]
 32030 | D:14     | Reached skill level 13 in Evocations
 32865 | D:14     | Reached skill level 13 in Short Blades
 33188 | D:14     | Found a gate to the Vaults.
 33347 | D:14     | Reached skill level 7 in Shields
 34022 | D:14     | Reached skill level 10 in Fighting
 34443 | D:15     | Entered Level 15 of the Dungeon
 34790 | D:15     | Found a staircase to the Depths.
 34803 | D:15     | Reached skill level 16 in Dodging
 35149 | D:15     | Reached XP level 16. HP: 71/85 MP: 19/27
 35819 | D:11     | Bought a runed rapier for 140 gold pieces
 35819 | D:11     | Bought a scroll of teleportation for 105 gold pieces
 35819 | D:11     | Bought 2 potions of haste for 700 gold pieces
 35903 | Spider:1 | Entered Level 1 of the Spider Nest
 36041 | Spider:1 | Reached skill level 14 in Evocations
 37740 | Spider:2 | Gained mutation: Your muscles are strong. (Str +2) [potion of beneficial mutation]
 37933 | Spider:2 | Reached skill level 17 in Dodging
 38147 | Spider:2 | Reached skill level 14 in Short Blades
 38180 | Spider:2 | Reached skill level 1 in Translocations
 38531 | Spider:3 | Reached skill level 1 in Transmutations
 38600 | Spider:3 | Reached skill level 2 in Transmutations
 38623 | Spider:3 | Reached skill level 2 in Translocations
 38689 | Spider:3 | Reached skill level 15 in Evocations
 38852 | Spider:3 | Reached skill level 3 in Transmutations
 38874 | Spider:3 | Reached skill level 3 in Translocations
 39268 | Spider:3 | Reached skill level 11 in Fighting
 39776 | Spider:4 | Entered Level 4 of the Spider Nest
 39778 | Spider:4 | Reached skill level 4 in Translocations
 39786 | Spider:4 | Reached skill level 4 in Transmutations
 40183 | Spider:4 | Reached skill level 5 in Translocations
 40622 | Spider:4 | Reached skill level 5 in Transmutations
 40622 | Spider:4 | Reached XP level 17. HP: 77/91 MP: 29/29
 40747 | Spider:4 | Reached skill level 1 in Earth Magic
 41310 | Spider:4 | Reached skill level 2 in Earth Magic
 41717 | Spider:4 | Reached skill level 18 in Dodging
 41718 | Spider:4 | Reached skill level 3 in Earth Magic
 42234 | Spider:4 | Reached skill level 4 in Earth Magic
 42259 | Spider:4 | Got a gossamer rune of Zot
 43398 | Swamp:1  | Entered Level 1 of the Swamp
 43460 | Swamp:1  | Reached skill level 12 in Fighting
 43535 | Swamp:1  | Reached skill level 5 in Earth Magic
 43865 | Swamp:3  | Reached skill level 19 in Dodging
 44613 | Swamp:4  | Entered Level 4 of the Swamp
 45800 | Swamp:4  | Reached XP level 18. HP: 91/99 MP: 30/30
 45975 | Swamp:4  | Got a decaying rune of Zot
 46334 | D:11     | Bought a steaming buckler for 247 gold pieces
 46334 | D:11     | Bought an embroidered robe for 18 gold pieces
 46334 | D:11     | Bought a glowing robe for 18 gold pieces
 46344 | D:11     | Identified the cursed -1 buckler "Unop" {+Inv rF+ MR+} (You bought it in a shop on level 11 of the Dungeon)
 46376 | D:11     | Bought a glowing cloak for 117 gold pieces
 46573 | Elf:1    | Entered Level 1 of the Elven Halls
 46587 | Elf:1    | Reached skill level 20 in Dodging
 46847 | Elf:1    | Reached skill level 6 in Transmutations
 47099 | Elf:1    | Reached skill level 13 in Fighting
 47387 | Elf:1    | Found a radiant altar of Vehumet.
 47388 | Elf:1    | Reached skill level 6 in Earth Magic
 47398 | Elf:1    | Reached skill level 7 in Transmutations
 47694 | Elf:1    | Identified the Incunabulum of Creation (You found it on level 1 of the Elven Halls)
 47753 | Elf:1    | Found Ybbuus's Book Shop.
 48224 | Elf:2    | Reached skill level 8 in Transmutations
 48248 | Elf:2    | Found a runed gate.
 48248 | Elf:2    | Found a runed gate.
 48258 | Elf:2    | Found a runed gate.
 48313 | Elf:2    | Learned a level 3 spell: Regeneration
 48327 | Elf:2    | Found a deep blue altar of Sif Muna.
 48501 | Elf:2    | Reached skill level 7 in Earth Magic
 49502 | Elf:2    | Reached skill level 8 in Earth Magic
 49518 | Elf:2    | Reached skill level 1 in Charms
 49685 | Elf:2    | Reached skill level 2 in Charms
 49685 | Elf:2    | Reached skill level 1 in Air Magic
 49712 | Elf:2    | Reached skill level 3 in Charms
 49928 | Elf:2    | Reached skill level 2 in Air Magic
 49941 | Elf:2    | Reached skill level 4 in Charms
 50400 | Elf:3    | Entered Level 3 of the Elven Halls
 50422 | Elf:3    | Reached XP level 19. HP: 105/105 MP: 31/31
 50431 | Elf:3    | Reached skill level 3 in Air Magic
 50468 | Elf:3    | Reached skill level 5 in Charms
 50803 | Elf:3    | Reached skill level 14 in Fighting
 51149 | Elf:3    | Reached skill level 4 in Air Magic
 52025 | Elf:3    | Reached skill level 5 in Air Magic
 52142 | Elf:3    | Noticed a Brimstone Fiend
 52189 | Elf:3    | Reached skill level 1 in Throwing
 52297 | Elf:3    | Reached skill level 2 in Throwing
 52620 | Elf:3    | Reached skill level 3 in Throwing
 52802 | Elf:3    | Reached skill level 4 in Throwing
 53108 | Elf:3    | Reached skill level 5 in Throwing
 53278 | Elf:3    | Got a warped copper ring
 53299 | Elf:3    | Identified the ring of Adoax {+Fly MP+9 AC+2 Slay+2 Stlth-} (You took it off a deep elf mage on level 3 of the Elven Halls)
 53306 | Elf:3    | Learned a level 3 spell: Spectral Weapon
 53325 | Elf:3    | Got a wavering tin amulet
 53326 | Elf:3    | Identified the amulet of Summertime {MR+ Regen+} (You took it off a deep elf mage on level 3 of the Elven Halls)
 53564 | Elf:3    | Reached skill level 6 in Throwing
 53700 | Elf:3    | Reached skill level 7 in Throwing
 54040 | Elf:3    | Got a transparent golden ring
 54041 | Elf:3    | Identified the ring "Aqu Musu" {rPois rF+ rC+ Dex+2} (You took it off a deep elf high priest on level 3 of the Elven Halls)
 54049 | Elf:3    | Got a crystal rapier {antimagic}
 54050 | Elf:3    | Identified the +8 rapier of Xicankum {antimagic, rN+} (You took it off a deep elf high priest on level 3 of the Elven Halls)
 54948 | Elf:3    | Reached skill level 8 in Throwing
 55218 | Vaults:1 | Entered Level 1 of the Vaults
 55581 | Vaults:1 | Reached skill level 15 in Fighting
 55697 | Vaults:1 | Reached skill level 9 in Throwing
 55708 | Vaults:1 | Reached XP level 20. HP: 89/113 MP: 26/32
 56048 | Vaults:1 | Noticed Norris
 56082 | Vaults:1 | Killed Norris
 56170 | Vaults:1 | Reached skill level 10 in Throwing
 57582 | Vaults:2 | Noticed Donald
 57609 | Vaults:2 | Killed Donald
 57609 | Vaults:2 | Reached skill level 11 in Throwing
 57823 | Vaults:2 | Noticed Margery
 57859 | Vaults:2 | Killed Margery
 58519 | Vaults:2 | Reached skill level 12 in Throwing
 59153 | Vaults:2 | Reached skill level 1 in Armour
 59375 | Vaults:2 | Found Baxu's Magic Scroll Boutique.
 59379 | Vaults:2 | Noticed Jory
 59384 | Vaults:2 | Bought a scroll of identify for 26 gold pieces
 59384 | Vaults:2 | Bought a scroll of fog for 26 gold pieces
 59384 | Vaults:2 | Bought a scroll of identify for 26 gold pieces
 59384 | Vaults:2 | Bought a scroll of identify for 26 gold pieces
 59384 | Vaults:2 | Bought a scroll of summoning for 123 gold pieces
 59446 | Vaults:2 | Killed Jory
 59590 | Vaults:2 | Reached skill level 2 in Armour
 59804 | Vaults:2 | Found a staircase to the Crypt.
 59941 | Vaults:2 | Noticed Sojobo
 60011 | Vaults:2 | Killed Sojobo
 60037 | Vaults:2 | Reached skill level 13 in Throwing
 60349 | Vaults:2 | Reached XP level 21. HP: 119/119 MP: 33/33
 60536 | Vaults:3 | Reached skill level 16 in Fighting
 60562 | Vaults:3 | Reached skill level 3 in Armour
 61615 | Vaults:3 | Identified the Compendium of Companions and Clay (You found it on level 3 of the Vaults)
 61643 | Vaults:3 | Reached skill level 4 in Armour
 61750 | Vaults:3 | Reached skill level 14 in Throwing
 62373 | Vaults:4 | Found Xeneuhou's General Store.
 62385 | Vaults:4 | Bought a potion of resistance for 150 gold pieces
 62385 | Vaults:4 | Bought a scroll of fog for 30 gold pieces
 62385 | Vaults:4 | Bought a scroll of identify for 30 gold pieces
 62433 | Vaults:4 | Noticed Xtahua
 62440 | Vaults:4 | Killed Xtahua
 62679 | Vaults:4 | Found a white marble altar of Elyvilon.
 62824 | Vaults:4 | Reached skill level 5 in Armour
 63072 | Vaults:4 | Noticed Mara
 63202 | Vaults:4 | Noticed Frederick
 63203 | Vaults:4 | Killed Frederick
 63203 | Vaults:4 | Reached skill level 15 in Throwing
 63623 | Vaults:4 | Noticed Mennas
 63627 | Vaults:4 | Killed Mennas
 63682 | Vaults:4 | Killed Mara
 63682 | Vaults:4 | Reached XP level 22. HP: 126/126 MP: 34/34
 64132 | Lair:1   | Killed no0bjke's ghost
 64603 | D:11     | Bought a scroll of fog for 64 gold pieces
 64607 | D:11     | Bought a fire dragon armour for 2220 gold pieces
 64607 | D:11     | Bought a faintly glowing robe for 210 gold pieces
 64608 | D:11     | Identified the cursed +1 robe of Lamoxown {rCorr Int+4} (You bought it in a shop on level 11 of the Dungeon)
 64824 | Slime:1  | Entered Level 1 of the Pits of Slime
 64988 | Slime:3  | Reached skill level 6 in Armour
 65213 | Slime:6  | Entered Level 6 of the Pits of Slime
 65384 | Slime:6  | Reached skill level 16 in Throwing
 65516 | Slime:6  | Noticed the Royal Jelly
 65521 | Slime:6  | Found a viscous altar of Jiyva.
 65534 | Slime:6  | Killed the Royal Jelly
 65534 | Slime:6  | Reached skill level 17 in Fighting
 65737 | Slime:6  | Reached skill level 7 in Armour
 65802 | Slime:6  | Identified the Collected Works on Unholy Rituals and the Entourage
 65867 | Slime:6  | Got a coiled steel ring
 65870 | Slime:6  | Got a slimy rune of Zot
 65873 | Slime:6  | Identified the ring of Veysch {+Fly rF+ rC- MR+} (You found it on level 6 of the Pits of Slime)
 66384 | Vaults:2 | Bought 3 scrolls of enchant armour for 292 gold pieces
 66700 | D:11     | You paid a toll of a +4 fire dragon armour to enter a treasure trove
 66701 | Trove    | Entered a treasure trove
 66720 | Trove    | Got a steaming hat
 66731 | Trove    | Identified the -4 hat of Lekani {rF+ rN+ rCorr Str-3} (You found it in a treasure trove)
 66806 | Trove    | Got a clouded lead amulet
 66807 | Trove    | Identified the amulet of Xom's Outrage {*Corrode +Rage Str+2 SInv} (You found it in a treasure trove)
 66810 | Trove    | Got a shimmering pewter ring
 66811 | Trove    | Identified the ring "Zesoheh" {Ice rN+} (You found it in a treasure trove)
 67071 | Depths:1 | Entered Level 1 of the Depths
 67385 | Depths:1 | Found a gateway to a ziggurat.
 67386 | Depths:1 | Noticed an ancient lich
 67387 | Depths:1 | Found a one-way gate to the infinite horrors of the Abyss.
 68168 | Depths:2 | Reached skill level 17 in Throwing
 68735 | Depths:2 | Got an ichor-stained dagger
 68736 | Depths:2 | Identified the +7 dagger of Cocytus {pierce, MP+9 Dex+2} (You found it on level 2 of the Depths)
 68927 | Depths:2 | Found a gateway to Hell.
 68931 | Depths:2 | Reached skill level 1 in Necromancy
 69488 | Depths:1 | Killed an ancient lich
 69488 | Depths:1 | Reached XP level 23. HP: 131/131 MP: 9/35
 69498 | Depths:1 | Reached skill level 2 in Necromancy
 69507 | Depths:1 | Reached skill level 8 in Armour
 70091 | Depths:1 | Found Zot Apnu's Serpentskin Sales.
 70253 | Depths:1 | Reached skill level 3 in Necromancy
 70599 | Depths:3 | Found Ythi Ryc's Antique Armour Shop.
 70989 | Depths:3 | Found a runed door.
 71024 | Depths:3 | Found a one-way gate leading to the halls of Pandemonium.
 71029 | Depths:3 | Reached skill level 18 in Throwing
 71313 | Depths:3 | Gained mutation: You have a pair of small horns on your head. [potion of beneficial mutation]
 71642 | Depths:3 | Reached skill level 4 in Necromancy
 72168 | Depths:3 | Reached skill level 9 in Armour
 72179 | Depths:3 | Noticed a caustic shrike
 72179 | Depths:3 | Noticed a caustic shrike
 72179 | Depths:3 | Noticed a caustic shrike
 72179 | Depths:3 | Noticed a caustic shrike
 72326 | Depths:3 | Noticed Nikola
 72649 | Depths:3 | Killed Nikola
 72987 | Depths:3 | Reached skill level 5 in Necromancy
 73015 | Depths:3 | Noticed a caustic shrike
 73039 | Depths:3 | Killed a caustic shrike
 73413 | Depths:4 | Reached skill level 6 in Charms
 73862 | Depths:4 | Reached XP level 24. HP: 94/137 MP: 31/35
 74207 | Depths:4 | Reached skill level 7 in Charms
 74369 | Depths:4 | Reached skill level 19 in Throwing
 74643 | Depths:4 | Reached skill level 18 in Fighting
 74814 | Depths:4 | Reached skill level 8 in Charms
 74883 | Depths:4 | Noticed Saint Roka
 75114 | Depths:4 | Killed Saint Roka
 75144 | Depths:4 | Noticed Jorgrun
 75156 | Depths:4 | Killed Jorgrun
 75448 | Depths:4 | Reached skill level 10 in Armour
 75916 | Depths:5 | Entered Level 5 of the Depths
 76001 | Depths:5 | Reached skill level 9 in Charms
 76354 | Depths:5 | Found Umahuxan's General Store.
 76380 | Depths:5 | Bought a scroll of teleportation for 42 gold pieces
 76624 | Depths:5 | Found a gate to the Realm of Zot.
 76656 | Depths:5 | Reached skill level 10 in Charms
 77578 | Depths:5 | Reached skill level 20 in Throwing
 78074 | Depths:5 | Bought the amulet of the Air {Inacc +Fly rElec EV+5 RMsl} for 1047 gold pieces
 78081 | Zot:1    | Entered Level 1 of the Realm of Zot
 78118 | Zot:1    | Reached skill level 11 in Charms
 78147 | Zot:1    | Reached skill level 12 in Charms
 78326 | Zot:1    | Reached skill level 13 in Charms
 78382 | Zot:1    | Reached XP level 25. HP: 128/143 MP: 35/35
 78387 | Zot:1    | Reached skill level 14 in Charms
 78580 | Zot:1    | Reached skill level 15 in Charms
 79265 | Zot:1    | Reached skill level 16 in Charms
 79596 | Zot:1    | Reached skill level 17 in Charms
 79908 | Zot:2    | Reached skill level 18 in Charms
 80310 | Zot:3    | Reached skill level 19 in Charms
 80734 | Zot:3    | Reached skill level 20 in Charms
 81101 | Zot:5    | Entered Level 5 of the Realm of Zot
 81722 | D:11     | Bought a warped shadow dragon armour for 2210 gold pieces
 81722 | D:11     | Identified the +5 shadow dragon armour of Kallasi {*Confuse Int+4 Stlth++++} (You bought it in a shop on level 11 of the Dungeon)
 81926 | Vaults:5 | Entered Level 5 of the Vaults
 82032 | Vaults:4 | Reached skill level 6 in Hexes
 82543 | Vaults:4 | Reached skill level 9 in Transmutations
 82634 | Vaults:5 | Reached XP level 26. HP: 131/149 MP: 31/35
 82637 | Vaults:5 | Reached skill level 7 in Hexes
 82699 | Vaults:5 | Reached skill level 9 in Earth Magic
 82715 | Vaults:5 | Reached skill level 11 in Armour
 82923 | Vaults:5 | Got a faintly glowing blowgun
 82926 | Vaults:5 | Identified the cursed +0 blowgun "Ogre's Undoing" {evade, SInv} (You took it off a vault warden on level 5 of the Vaults)
 83171 | Vaults:5 | Reached skill level 10 in Transmutations
 83350 | Vaults:5 | Reached skill level 16 in Evocations
 83492 | Vaults:5 | Got a silver rune of Zot
 83527 | Vaults:5 | Reached skill level 8 in Hexes
 83665 | Vaults:5 | Found Esmifa's Magic Scroll Emporium.
 83704 | Vaults:5 | Bought a scroll of teleportation for 48 gold pieces
 83704 | Vaults:5 | Bought a scroll of teleportation for 48 gold pieces
 83704 | Vaults:5 | Bought a scroll of teleportation for 48 gold pieces
 83871 | Vaults:5 | Found Myofit's Distillery.
 83879 | Vaults:5 | Bought a potion of cancellation for 112 gold pieces
 83879 | Vaults:5 | Bought a potion of might for 56 gold pieces
 83879 | Vaults:5 | Bought a potion of agility for 56 gold pieces
 84051 | Vaults:5 | Noticed an ancient lich
 84056 | Vaults:5 | Killed an ancient lich
 84264 | Vaults:4 | Reached skill level 11 in Transmutations
 84948 | Zot:5    | Reached skill level 9 in Hexes
 84964 | Zot:5    | Reached skill level 10 in Earth Magic
 85655 | Zot:5    | Noticed an ancient lich
 85661 | Zot:5    | Noticed an orb of fire
 85663 | Zot:5    | Noticed an orb of fire
 85683 | Zot:5    | Noticed an orb of fire
 85687 | Zot:5    | Got the Orb of Zot
 85704 | Zot:5    | Got a twisted robe
 85706 | Zot:5    | Identified the cursed +0 robe of a volcano {MR++ Regen+ Dex-2 SInv} (You found it on level 5 of the Realm of Zot)
 85717 | Zot:5    | Noticed an ancient lich
 85725 | Zot:5    | Noticed an ancient lich
 85837 | Depths:5 | Bought a scorched ice dragon armour for 2470 gold pieces
 86269 | D:$      | Escaped with the Orb!

Skill      XL: |  1  2  3  4  5  6  7  8  9 10 11 12 13 14 15 16 17 18 19 20 21 22 23 24 25 26 |
---------------+-------------------------------------------------------------------------------+-----
Stealth        | 4 5 6 8 9 10 11 13 14 16 17 18 20 | 20.0
Short Blades   | 1 2 3 4 5 6 8 9 10 12 13 14 | 14.0
Fighting       | 2 3 4 5 6 7 9 10 11 12 13 15 16 17 18 | 18.9
Dodging        | 4 6 8 9 10 11 13 14 16 17 19 20 | 20.0
Evocations     | 3 6 7 9 10 12 13 15 16 | 16.7
Spellcasting   | 5 |  5.0
Hexes          | 5 6 9 |  9.4
Shields        | 3 4 5 7 |  7.2
Translocations | 5 |  5.0
Transmutations | 5 8 9 11 | 11.5
Earth Magic    | 5 8 10 | 10.2
Charms         | 4 5 6 13 20 | 20.1
Air Magic      | 2 5 |  5.0
Throwing       | 9 13 15 17 18 20 | 20.0
Armour         | 2 5 7 9 10 11 | 11.6
Necromancy     | 1 5 |  5.0
Conjurations   | |  0.6
Fire Magic     | |  2.4

Action                   |  1- 3 |  4- 6 |  7- 9 | 10-12 | 13-15 | 16-18 | 19-21 | 22-24 | 25-27 || total
-------------------------+-------+-------+-------+-------+-------+-------+-------+-------+-------++-------
Melee: Unarmed           |     1 |       |       |       |       |       |       |       |       ||     1
       Dagger            |    23 |    32 |   272 |  1138 |  2079 |   469 |       |       |       ||  4013
       Rapier            |       |       |       |       |       |  1301 |  2420 |  2719 |  1389 ||  7829
       Headbutt          |       |       |       |       |       |       |       |   403 |   368 ||   771
Throw: Tomahawk          |       |       |       |     2 |     5 |       |    17 |    65 |       ||    89
       Throwing net      |       |       |       |       |       |     1 |       |       |       ||     1
 Cast: Flame Tongue      |    67 |    59 |   118 |    72 |     7 |       |       |       |       ||   323
       Passwall          |       |       |       |     5 |       |     3 |     4 |     9 |     6 ||    27
       Repel Missiles    |       |       |       |     1 |     1 |     4 |     2 |     4 |       ||    12
       Blink             |       |       |       |       |     8 |     2 |     6 |    15 |    15 ||    46
       Tukima's Dance    |       |       |       |       |    25 |       |     8 |       |       ||    33
       Apportation       |       |       |       |       |       |     5 |       |    18 |     2 ||    25
       Regeneration      |       |       |       |       |       |       |    62 |   153 |    45 ||   260
       Spectral Weapon   |       |       |       |       |       |       |     8 |    87 |    41 ||   136
Invok: Potion Petition   |       |       |     1 |       |       |       |     2 |       |       ||     3
       Call Merchant     |       |       |       |       |       |     6 |       |     5 |       ||    11
 Abil: Evoke Invisibilit |       |       |       |    19 |    41 |    44 |    26 |    19 |    19 ||   168
       Evoke Berserk Rag |       |       |       |     1 |       |       |       |       |       ||     1
       Turn Visible      |       |       |       |       |       |     3 |     2 |       |     1 ||     6
Evoke: Wand              |       |       |     3 |    33 |    96 |     6 |     4 |     4 |     7 ||   153
       Sack of spiders   |       |       |       |       |       |     4 |    16 |     1 |    15 ||    36
       Fan of gales      |       |       |       |       |       |       |       |     1 |     1 ||     2
  Use: Scroll            |       |     1 |     5 |     8 |    11 |    13 |    20 |    14 |    39 ||   111
       Potion            |       |       |     1 |     2 |     1 |     3 |    11 |     3 |     5 ||    26
 Stab: Sleeping          |     8 |    10 |    28 |    57 |   128 |   128 |    84 |    75 |    26 ||   544
       Distracted        |       |       |     2 |    11 |    31 |    17 |    41 |    67 |    43 ||   212
       Confused          |       |       |     1 |    15 |    38 |     5 |     2 |     2 |     6 ||    69
       Invisible         |       |       |       |    58 |   149 |   218 |   148 |   133 |   101 ||   807
       Paralysed         |       |       |       |       |     5 |       |       |       |       ||     5
       Held in net/web   |       |       |       |       |       |       |       |       |     2 ||     2
  Eat: Bread ration      |       |     1 |       |     1 |     6 |     5 |     5 |     2 |     3 ||    23
       Fruit             |       |       |       |     2 |       |     7 |       |    22 |     7 ||    38
       Royal jelly       |       |       |       |     1 |     1 |       |       |     2 |     2 ||     6
       Pizza             |       |       |       |     8 |     4 |     2 |     1 |     3 |       ||    18
Armor: Robe              |     8 |     9 |    33 |    51 |    37 |    33 |     9 |       |       ||   180
       Mottled dragon ar |       |       |       |       |       |       |    65 |   203 |    80 ||   348
Dodge: Dodged            |    39 |    32 |   244 |   710 |   828 |  1015 |  1084 |  1760 |   886 ||  6598
       Deflected         |       |       |       |       |     1 |     4 |     7 |    32 |    16 ||    60
Block: Buckler           |       |       |       |       |   363 |   423 |   395 |   593 |   250 ||  2024
       Reflection        |       |       |       |       |       |     1 |       |       |       ||     1
